Map: Pillars of Gold LE

Players

Serral - Winner!

  • Race: Zerg Zerg
  • League: Grandmaster
  • Spawn Location: 1:00

soul

  • Race: Terran Terran
  • League: Master
  • Spawn Location: 7:00

Event: War Chest Team League

VOD

Have the link to the VOD?

Description

Time

  • Played on: Aug. 2, 2020, 9:33 a.m.
  • Length: 11:27
Show
View Real Time Build Order
Export as new Build Order

Serral Zerg - Winner!

Build Orders: Pool First, Muta Ling Bane 

Get SALT Encoding   

  12  0:00  Drone  
  13  0:12  Overlord  
  13  0:17  Drone  
  14  0:30  Drone x2  
  14  0:34  Drone  
  17  0:45  Extractor, Drone  
  17  0:51  Spawning Pool  
  17  0:56  Drone  
  17  1:06  Drone  
  18  1:21  Hatchery  
  18  1:25  Drone  
  18  1:37  Queen  
  18  1:39  Zergling x2  
  21  1:44  Zergling x2  
  22  1:49  Metabolic Boost  
  22  1:57  Overlord  
  22  2:15  Queen, Drone x2  
  24  2:21  Drone  
  27  2:32  Drone  
  27  2:33  Queen, Drone  
  31  2:43  Drone  
  32  2:44  Drone  
  32  2:49  Drone  
  32  2:50  Drone  
  32  2:51  Overlord  
  35  2:54  Drone  
  36  3:08  Hatchery  
  36  3:11  Drone  
  36  3:13  Drone  
  36  3:15  Drone  
  36  3:17  Drone  
  39  3:23  Drone x2  
  39  3:25  Overlord  
  41  3:30  Drone  
  41  3:33  Queen  
  44  3:37  Overlord  
  44  3:43  Drone x3  
  44  3:46  Drone x2  
  44  3:48  Zergling x2  
  50  3:52  Overlord  
  50  3:54  Zergling x2  
  51  3:56  Drone x2  
  53  4:05  Zergling x2, Baneling Nest  
  53  4:06  Drone  
  53  4:07  Drone  
  55  4:12  Queen  
  55  4:14  Drone x2  
  59  4:20  Drone x3  
  61  4:25  Queen  
  61  4:29  Overlord  
  63  4:34  Zergling x2  
  63  4:35  Zergling x2  
  63  4:36  Drone x4  
  69  4:40  Lair  
  69  4:43  Overlord  
  69  4:46  Zergling x2  
  69  4:48  Drone x3  
  73  4:52  Extractor  
  73  4:55  Extractor, Drone x2  
  73  5:03  Zergling x2  
  73  5:04  Drone x2  
  73  5:05  Drone  
  73  5:06  Hatchery  
  76  5:08  Overlord  
  76  5:09  Drone x3  
  76  5:12  Overlord  
  79  5:16  Drone x2  
  81  5:21  Evolution Chamber x2  
  81  5:22  Drone x4  
  81  5:24  Drone  
  81  5:28  Extractor x2  
  82  5:30  Extractor  
  82  5:33  Drone x2  
  83  5:38  Centrifical Hooks  
  83  5:39  Overseer  
  83  5:40  Zergling x4  
  83  5:41  Zergling x10  
  90  5:45  Drone x2  
  92  5:50  Zerg Melee Weapons Level 1, Zerg Ground Armor Level 1  
  92  5:53  Drone x2  
  94  5:57  Overlord  
  94  5:59  Overlord, Drone x2  
  94  6:01  Drone x2  
  94  6:03  Baneling x7  
  98  6:04  Baneling  
  98  6:07  Overlord  
  98  6:14  Zergling x6  
  98  6:15  Spire  
  98  6:18  Zergling x6  
  103  6:24  Drone x4  
  103  6:25  Drone  
  108  6:28  Queen  
  108  6:30  Spore Crawler  
  108  6:31  Drone x3  
  112  6:34  Pneumatized Carapace  
  112  6:37  Overlord  
  112  6:39  Overseer  
  112  6:42  Zergling x6, Spore Crawler  
  112  6:46  Baneling x3  
  112  6:47  Baneling x3  
  114  6:49  Overlord  
  114  6:50  Zergling x6  
  117  6:55  Drone x2  
  117  6:57  Baneling x3, Spore Crawler  
  117  6:59  Zergling x2  
  117  7:00  Zergling x8  
  112  7:23  Drone x3  
  112  7:24  Extractor  
  112  7:27  Hatchery  
  112  7:28  Mutalisk x8  
  129  7:30  Mutalisk  
  129  7:32  Zergling x14  
  138  7:37  Zerg Flyer Weapons Level 1  
  138  7:40  Drone x3  
  138  7:42  Spine Crawler  
  140  7:45  Baneling x5  
  137  7:53  Zergling x20  
  137  7:55  Baneling x6  
  137  7:56  Baneling  
  137  7:58  Baneling x2  
  140  8:00  Zergling x4  
  140  8:01  Zergling x8  
  140  8:03  Baneling x4  
  139  8:13  Baneling x5, Zergling x10  
  139  8:18  Zergling x8  
  135  8:20  Baneling x7  
  123  8:27  Zergling x12  
  123  8:29  Baneling x3  
  123  8:38  Zergling x2  
  123  8:39  Zergling x18  
  125  8:42  Queen x3  
  125  8:47  Mutalisk x4  
  131  8:52  Baneling  
  131  8:53  Baneling x5  
  131  8:54  Zergling x10  
  136  8:59  Zergling x6  
  136  9:01  Baneling x6  
  139  9:08  Baneling x4  
  138  9:14  Zergling x12  
  138  9:15  Baneling x6  
  141  9:18  Overseer  
  141  9:23  Zergling x10  
  141  9:30  Baneling x3  
  138  9:34  Overlord  
  138  9:36  Zergling x2  
  138  9:37  Zergling x8  
  136  9:39  Baneling  
  136  9:40  Baneling x9  
  136  9:42  Zergling x6  
  139  9:51  Baneling x2, Overlord x3  
  139  9:53  Zergling x4  
  139  9:56  Zergling x2  
  142  10:06  Zergling x16  
  150  10:09  Baneling x5  
  150  10:13  Zergling x2  
  150  10:14  Zergling x14  
  152  10:18  Baneling x9  
  142  10:24  Zergling x14  
  142  10:28  Baneling x5, Queen  
  145  10:29  Queen x4  
  145  10:34  Baneling x5  
  150  10:37  Zergling x8  
  150  10:41  Baneling x5  
  145  10:45  Zergling x16  
  140  10:51  Overseer  
  140  10:53  Baneling  
  140  10:54  Baneling x3  
  140  10:58  Zergling x16  
  140  10:59  Zergling x2  
Show
View Real Time Build Order
Export as new Build Order

soul Terran 

Build Orders: Command Center First (CC) 

Get SALT Encoding   

  12  0:00  SCV  
  13  0:12  SCV  
  14  0:18  Supply Depot  
  14  0:24  SCV  
  15  0:39  SCV  
  16  0:51  SCV  
  17  1:03  Command Center  
  17  1:06  SCV  
  18  1:18  Barracks  
  18  1:21  SCV  
  19  1:27  Refinery  
  19  1:33  SCV  
  19  1:36  Refinery  
  20  1:45  SCV  
  21  1:57  SCV  
  22  2:06  Reaper  
  23  2:10  Orbital Command  
  23  2:15  Orbital Command  
  23  2:27  Factory  
  23  2:35  SCV  
  24  2:42  SCV  
  25  2:44  Barracks Reactor  
  25  2:47  SCV  
  26  2:53  Supply Depot  
  26  2:54  SCV  
  27  2:59  SCV  
  28  3:05  Command Center  
  28  3:07  SCV  
  28  3:12  SCV  
  30  3:14  Starport  
  30  3:19  SCV  
  31  3:24  SCV  
  31  3:25  Hellion  
  34  3:29  Barracks Tech Lab, Hellion  
  34  3:32  SCV  
  37  3:36  SCV  
  38  3:44  SCV  
  38  3:46  Hellion  
  38  3:48  SCV  
  42  3:50  Hellion  
  42  3:53  Barracks Tech Lab  
  44  3:56  SCV  
  44  4:00  SCV  
  46  4:08  Supply Depot  
  46  4:11  Stimpack  
  46  4:16  Barracks  
  46  4:17  Marine, Banshee, SCV x2  
  46  4:19  Factory Reactor, Orbital Command  
  52  4:24  Barracks  
  52  4:26  Refinery  
  52  4:29  SCV x2  
  54  4:32  Supply Depot  
  54  4:34  Marine  
  55  4:41  SCV x2  
  55  4:43  Engineering Bay  
  55  4:45  Engineering Bay  
  57  4:50  Orbital Command  
  57  4:52  Marine  
  57  4:53  SCV  
  57  4:54  SCV  
  60  5:05  SCV  
  60  5:06  SCV  
  60  5:07  Factory Reactor  
  60  5:10  Supply Depot, Marine, Terran Infantry Weapons Level 1  
  60  5:11  Starport Reactor, Terran Infantry Armor Level 1  
  61  5:15  Marine  
  61  5:16  Marine  
  61  5:17  SCV  
  61  5:18  SCV  
  61  5:19  Marine  
  61  5:20  Marine  
  67  5:21  SCV  
  67  5:27  Supply Depot x2  
  67  5:28  Marine  
  68  5:30  SCV x2  
  68  5:31  Barracks  
  68  5:33  Barracks, Marine, SCV  
  68  5:34  Marine  
  74  5:37  Marine  
  74  5:38  Marine  
  74  5:42  SCV x2  
  78  5:46  Marine  
  78  5:48  Medivac x2  
  78  5:49  Widow Mine  
  85  5:50  Widow Mine  
  85  5:51  Marine, SCV  
  85  5:52  Marine  
  85  5:54  Combat Shield  
  85  5:55  Supply Depot, Marine  
  85  5:56  Supply Depot  
  91  5:58  SCV x2  
  91  5:59  Marine  
  91  6:04  Marine  
  95  6:12  Barracks x2, SCV  
  95  6:13  Barracks  
  96  6:19  Barracks Reactor, Supply Depot  
  96  6:20  Barracks Reactor, Medivac  
  96  6:22  Marauder  
  96  6:23  Supply Depot  
  100  6:26  Marine x4  
  100  6:32  Widow Mine  
  106  6:38  Widow Mine  
  108  6:41  Medivac, Supply Depot  
  108  6:43  Marauder  
  108  6:44  Marine x4  
  116  6:50  Supply Depot  
  116  6:52  Supply Depot  
  116  6:54  Widow Mine  
  118  6:56  Marine x4  
  118  6:59  Barracks Tech Lab  
  122  7:01  Marine  
  122  7:02  Marine x3  
  122  7:04  Barracks Tech Lab  
  122  7:05  Marauder  
  122  7:07  Marine  
  129  7:13  Concussive Shells, Widow Mine  
  129  7:14  Marine  
  129  7:15  Medivac  
  130  7:18  Marine  
  130  7:21  Marauder, Marine x6, Widow Mine  
  139  7:23  Marine  
  139  7:25  Marauder, Marine  
  143  7:30  Supply Depot x2  
  143  7:32  Marine  
  143  7:35  Marine, Widow Mine  
  147  7:38  Marine x2  
  147  7:39  Marine  
  147  7:42  Marauder x2, Widow Mine  
  147  7:43  Marine  
  157  7:49  Supply Depot  
  157  7:50  Supply Depot  
  157  7:51  Marauder x2, Marine  
  157  7:54  Marine  
  157  7:56  Widow Mine  
  157  7:57  Marine  
  160  8:03  Marauder, Widow Mine  
  160  8:04  Marauder  
  160  8:05  Marine  
  167  8:11  Marine  
  167  8:12  Marauder  
  156  8:13  Marauder  
  156  8:14  Marine  
  156  8:17  Marine, Widow Mine  
  156  8:18  Marine  
  141  8:25  Marauder, Marine, Widow Mine  
  141  8:26  Marauder  
  138  8:29  Marine x3  
  138  8:30  Marine  
  138  8:32  Marine  
  138  8:33  Marine  
  138  8:34  Marauder  
  134  8:35  Marine  
  134  8:39  Widow Mine  
  124  8:41  Marine  
  124  8:43  Marine  
  124  8:46  Marauder, Widow Mine  
  124  8:47  Marauder, Marine x2  
  125  8:49  Marine x3  
  125  8:52  Marauder  
  125  8:53  Marine  
  125  8:54  Marine  
  123  8:55  Medivac  
  123  8:59  Marine  
  123  9:00  Widow Mine  
  123  9:01  Medivac, Marine  
  131  9:04  Marine x2  
  131  9:06  Marine  
  131  9:07  Marauder, Marine x2  
  131  9:09  Marauder  
  140  9:11  Marine  
  140  9:13  Marauder, Marine  
  142  9:18  Widow Mine  
  142  9:20  Marine  
  142  9:22  Marine x3  
  148  9:24  Marine  
  148  9:25  Marine  
  148  9:26  Marine  
  148  9:27  Medivac  
  148  9:28  Widow Mine  
  148  9:29  Marauder  
  148  9:30  Marine  
  157  9:38  Marauder, Marine  
  138  9:40  Widow Mine  
  138  9:42  Marauder, Marine x2  
  144  9:45  Marine  
  144  9:49  Marine  
  144  9:50  Marauder  
  144  9:51  Widow Mine  
  144  9:52  Medivac  
  152  9:54  Marine x4  
  152  9:56  Marine  
  157  10:00  Marine  
  157  10:01  Widow Mine  
  157  10:03  Marine  
  157  10:06  Marine  
  158  10:07  Marauder  
  158  10:12  Widow Mine  
  158  10:13  Marauder, Marine x5  
  157  10:15  Marine  
  157  10:16  Marine  
  157  10:19  Marine  
  142  10:23  Marine  
  142  10:24  Marine  
  142  10:28  Marine  
  135  10:30  Marine  
  135  10:31  Marine x4  
  136  10:38  Marauder, Marine  
  136  10:42  Medivac  
  137  10:45  Marine x2  
  137  10:49  Marine x3  
  117  10:50  Marine  
  117  10:52  Marine  
  117  10:53  Marine  
  117  10:56  Marine  
  119  10:59  Marine  
  119  11:02  Widow Mine  
  119  11:03  Marine  
  117  11:05  Marine  
Tags
 
Add a new tag
Caveats
  • Supply blocks, unpowered buildings, or Contaminate may cause inaccurate times.
  • Supply counts are checked every 10 seconds.